Description

There's already a very similar build called "zergling mass" but I decided to write up my own version copying it from Lowko's "zerg cheese" video. This is for my own purposes but if you catch a mistake I'll probably update it.

VOD

https://www.youtube.com/watch?v=EFGJKS69qz0

Build Order

Get SALT Encoding   

  14  0:15  Extractor  Cancel for extra drone
  15  0:40  Hatchery  
  14  0:41  Extractor  Pull out at 100 gas
  14  1:00  Spawning Pool  
  14  1:12  Overlord  
  14  1:45  Metabolic Boost  As soon as pool finishes
  14  1:46  Queen  
  16  1:47  Zergling x2  "scout"-lings
  18  1:52  Zergling  2nd Hatchery should finish, from now it's just more and more zerglings
  23  2:14  Overlord  Remember to inject with new queen and walk it to the natural to shoo away enemy overlords
  30  2:40  Overlord  Moveout as soon as metabolic boost finishes
Spawning Tool Build Advisor. Get it on Overwolf

Go to:

Details

  • Created by: BillyRamone
  • Published on: Dec 14, 2018
  • Modified on: Dec 14, 2018
  • Patch: 4.7.1
Show
View Real Time Build Order
Export as new Build Order

Comments (0)

There are no comments. Be the first!

Create an account to comment!